 Dungeon Crawl Stone Soup version 0.19-a0 (webtiles) character file.

1134 Mefis the Magician (level 8, -12/41 HPs)
             Began as a Deep Elf Wizard on Apr 27, 2016.
             Was an Initiate of Sif Muna.
             Mangled by a hill giant
             ... wielding a +0 giant club
              (39 damage)
             ... on level 7 of the Dungeon.
             The game lasted 00:33:39 (7352 turns).

Mefis the Magician (Deep Elf Wizard)                Turns: 7352, Time: 00:33:39

Health: -12/41     AC:  4    Str:  4    XL:     8   Next: 14%
Magic:  29/38      EV: 19    Int: 26    God:    Sif Muna [......]
Gold:   256        SH:  0    Dex: 13    Spells: 8 memorised, 3 levels left

rFire  . . .     SeeInvis .     g - +1 hunting sling (evade)
rCold  . . .     Gourm    .     a - +0 robe
rNeg   . . .     Faith    +     (no shield)
rPois  .         Spirit   .     b - +0 hat
rElec  .         Dismiss  .     p - +0 cloak
rCorr  .         Reflect  .     I - +0 pair of gloves (curse)
SustAt .         Harm     .     (no boots)
MR     .....                    r - amulet of faith
Stlth  +++.......               O - ring of magical power
                                y - ring of magical power

@: repel missiles, not resistant to hostile enchantments, fairly stealthy
A: no striking features
a: Renounce Religion


You were on level 7 of the Dungeon.
You worshipped Sif Muna.
Sif Muna was noncommittal.
You were near starving.

You visited 2 branches of the dungeon, and saw 8 of its levels.
You also visited: Sewer.

You collected 256 gold pieces.

Inventory:

Hand Weapons
 g - a +1 hunting sling of evasion (weapon)
 u - a +0 dagger of electrocution
Missiles
 k - 16 sling bullets (quivered)
 A - 4 tomahawks
 B - 13 curare-tipped needles
 H - 2 throwing nets
 N - 7 poisoned needles
Armour
 a - a +0 robe (worn)
 b - a +0 hat (worn)
 p - a +0 cloak (worn)
 I - a cursed +0 pair of gloves (worn)
Jewellery
 e - an uncursed ring of see invisible
 h - an uncursed ring of poison resistance
 r - an amulet of faith (around neck)
 y - a ring of magical power (left hand)
 F - a +4 ring of protection
 K - an uncursed amulet of magic regeneration {unknown}
 O - a ring of magical power (right hand)
Scrolls
 j - 4 scrolls of remove curse
 l - 4 scrolls of magic mapping
 q - a scroll of amnesia {unknown}
 s - a scroll of fog {unknown}
 v - 6 scrolls of identify
 w - a scroll of enchant armour {unknown}
 D - 2 scrolls of recharging {unknown}
 E - 2 scrolls of teleportation
 M - 2 scrolls of enchant weapon {unknown}
Potions
 f - a potion of haste {unknown}
 i - 2 potions of cure mutation
 m - 5 potions of curing
 n - a potion of invisibility {unknown}
 x - a potion of magic
 G - 2 potions of heal wounds
 J - 2 potions of mutation {unknown}
 L - 3 potions of flight {unknown}
 P - a potion of agility {unknown}
 Q - a potion of ambrosia {unknown}
Books
 c - a book of Minor Magic

   Spells                             Type                      Level
   a - Magic Dart                     Conjuration                  1
   b - Blink                          Translocation                2
   c - Call Imp                       Summoning                    2
   d - Repel Missiles                 Charms/Air                   2
   e - Slow                           Hexes                        2
   f - Conjure Flame                  Conjuration/Fire             3
   g - Mephitic Cloud                 Conjuration/Poison/Air       3
 t - a Fen Folio

   Spells                             Type                      Level
   a - Corpse Rot                     Necromancy                   2
   b - Stone Arrow                    Conjuration/Earth            3
   c - Leda's Liquefaction            Hexes/Earth                  4
   d - Summon Forest                  Summoning/Translocation      5
   e - Hydra Form                     Transmutation                6
   f - Summon Hydra                   Summoning                    7
Comestibles
 d - 5 bread rations
 o - 5 fruits
 z - a slice of pizza
 C - 3 meat rations


   Skills:
 - Level 0.2 Fighting
 + Level 2.0 Slings
 + Level 4.3 Dodging
 + Level 4.7 Stealth
 + Level 7.1 Spellcasting
 + Level 3.0 Conjurations
 + Level 2.3 Hexes
 + Level 3.0 Summonings
 + Level 3.1 Translocations
 + Level 2.8 Fire Magic
 + Level 1.5 Earth Magic
 + Level 2.5 Poison Magic


You had 3 spell levels left.
You knew the following spells:

 Your Spells              Type           Power        Failure   Level  Hunger
a - Magic Dart            Conj           ####         1%          1    None
b - Call Imp              Summ           ####....     2%          2    None
c - Blink                 Tloc           N/A          2%          2    None
d - Repel Missiles        Chrm/Air       #.....       12%         2    None
e - Mephitic Cloud        Conj/Pois/Air  ###.....     10%         3    None
f - Conjure Flame         Conj/Fire      ###.....     8%          3    None
g - Slow                  Hex            ###.....     3%          2    None
s - Stone Arrow           Conj/Erth      ###...       10%         3    None


Dungeon Overview and Level Annotations

Branches:
Dungeon (7/15)             Temple (1/1) D:7

Altars:
Ashenzari
Cheibriados
Dithmenos
Elyvilon
Fedhas
Gozag
Kikubaaqudgha
Makhleb
Nemelex Xobeh
Pakellas
Ru
Sif Muna
Trog
Vehumet
Xom
Yredelemnul
Zin
The Shining One


Message History

Your crimson imp dies!
The hill giant hits your crimson imp with a giant club!
Your crimson imp dies!
You are near starving!
The hill giant misses your crimson imp.
Your crimson imp hits the hill giant but does no damage.
The hill giant barely misses your crimson imp.
Your crimson imp hits the hill giant but does no damage.
Your crimson imp hits the hill giant.
The hill giant barely misses your crimson imp.
You hear the creaking of a portcullis nearby.
Your crimson imp blinks!
Your crimson imp blinks!
You swap places.
Your crimson imp hits the hill giant.
You swap places.
Your crimson imp blinks!
The hill giant hits you with a giant club!!!
Ouch! That really hurt!
You die...

.. .≈≈ #. ..≈#
##.#########..≈#
..............≈#
#...........≈#
#5..........≈##
#....§......≈≈≈
#....C@........
#..........#(..
#..............
#.=........##.
#..........#
#######'#### #.#
#.# #.#


You could see a hill giant and a friendly crimson imp.

Vanquished Creatures
  Prince Ribbit (D:5)
  Eustachio (D:6)
  A big kobold (Sewer)
  A wyvern zombie (D:6)
  A scorpion (D:4)
  A centaur skeleton (D:5)
  A giant frog skeleton (D:4)
  2 hounds
  2 worker ants (D:5)
  10 gnolls
  7 adders
  4 river rats
  An ooze (D:1)
  2 adder skeletons
  3 dart slugs (D:2)
  6 giant geckos
  5 orcs
  7 giant cockroaches
  3 hobgoblins
  9 jackals
  2 ball pythons
  5 bats
  A giant cockroach zombie (D:5)
  A giant gecko skeleton (D:6)
  A giant gecko zombie (D:5)
  3 giant newts
  11 goblins
  6 kobolds
  10 rats
108 creatures vanquished.

Vanquished Creatures (collateral kills)
  The ghost of barb4r1an the Ruffian, an amateur DrTm (D:4)
  An orc wizard (D:3)
  A worker ant (D:4)
  A gnoll (D:3)
  3 adders
  A worm (D:3)
  6 orcs
  A hobgoblin (D:2)
  A kobold (D:3)
16 creatures vanquished.

Grand Total: 124 creatures vanquished

Notes
Turn   | Place    | Note
--------------------------------------------------------------
     0 | D:1      | Mefis the Deep Elf Wizard began the quest for the Orb.
     0 | D:1      | Reached XP level 1. HP: 10/10 MP: 7/7
   592 | D:1      | Reached skill level 5 in Spellcasting
   592 | D:1      | Reached XP level 2. HP: 15/15 MP: 5/10
   596 | D:1      | Learned a level 2 spell: Call Imp
   599 | D:1      | Learned a level 2 spell: Blink
   602 | D:1      | Learned a level 2 spell: Repel Missiles
  1191 | D:2      | Reached XP level 3. HP: 19/19 MP: 4/12
  1196 | D:2      | Learned a level 3 spell: Mephitic Cloud
  1200 | D:2      | Learned a level 3 spell: Conjure Flame
  1791 | D:2      | Reached skill level 6 in Spellcasting
  2153 | D:3      | Reached XP level 4. HP: 24/24 MP: 6/14
  2574 | D:3      | Reached XP level 5. HP: 28/28 MP: 14/15
  2579 | D:3      | Learned a level 3 spell: Stone Arrow
  2802 | D:3      | Reached skill level 1 in Fire Magic
  3253 | D:4      | Found a burning altar of Makhleb.
  3485 | D:4      | Reached skill level 1 in Slings
  3530 | D:4      | Found a bloodstained altar of Trog.
  3623 | D:4      | Found a basalt altar of Yredelemnul.
  3623 | D:4      | Found a glowing golden altar of the Shining One.
  3635 | D:4      | Reached XP level 6. HP: 32/32 MP: 10/17
  3638 | D:4      | Noticed an angel
  3655 | D:4      | Noticed a profane servitor
  3730 | D:4      | Reached skill level 1 in Poison Magic
  3731 | D:4      | Noticed barb4r1an's ghost (amateur DrTm)
  3734 | D:4      | Found a sacrificial altar of Ru.
  4071 | D:4      | Killed barb4r1an's ghost
  4075 | D:4      | Learned a level 2 spell: Slow
  4542 | D:5      | Entered Level 5 of the Dungeon
  4545 | D:5      | Reached XP level 7. HP: 36/36 MP: 18/19
  4811 | D:5      | Reached skill level 1 in Hexes
  4842 | D:5      | Found a glowing drain.
  4879 | Sewer    | Entered a sewer
  5045 | Sewer    | Found a white marble altar of Elyvilon.
  5109 | D:5      | Found a blossoming altar of Fedhas.
  5109 | D:5      | Found an ancient bone altar of Kikubaaqudgha.
  5247 | D:5      | Noticed Prince Ribbit
  5256 | D:5      | Killed Prince Ribbit
  5256 | D:5      | Reached skill level 1 in Earth Magic
  6937 | D:6      | Noticed Eustachio
  6944 | D:6      | Killed Eustachio
  6944 | D:6      | Reached skill level 7 in Spellcasting
  6944 | D:6      | Reached XP level 8. HP: 41/41 MP: 20/20
  7204 | D:7      | Found a staircase to the Ecumenical Temple.
  7210 | Temple   | Entered the Ecumenical Temple
  7275 | Temple   | Became a worshipper of Sif Muna the Loreminder
  7328 | D:7      | Noticed a hill giant
  7352 | D:7      | Mangled by a hill giant

Vault maps used:
D:1:      evilmike_arrival_hilbert_curve
D:3:      serial_bayou_pond_c
D:4:      wad_pebble_path, old_standard_altar, old_standard_altar,
          grunt_temple_overflow_holy_war, first_bread, trog_three_pillars_becter
D:5:      grunt_temple_overflow_growth_and_decay, gup_sewer_entry_bowl,
          uniq_prince_ribbit1
D:6:      serial_glass, glass_columns_a, glass_columns_b, uniq_eustachio
D:7:      temple_green, enter_bailey_3
Temple:   eino_temple_water_12
Sewer:    sewer_kobolds

Skill      XL: |  1  2  3  4  5  6  7  8 |
---------------+-------------------------+-----
Spellcasting   | 5 6 7 |  7.1
Stealth        | 3 4 |  4.7
Dodging        | 3 4 |  4.3
Fire Magic     | 1 2 |  2.8
Slings         | 1 2 |  2.0
Conjurations   | 2 3 |  3.0
Summonings     | 2 3 |  3.0
Translocations | 2 3 |  3.1
Poison Magic   | 1 2 |  2.5
Hexes          | 2 |  2.3
Earth Magic    | 1 |  1.5
Fighting       | |  0.2

Action                   |  1- 3 |  4- 6 |  7- 9 || total
-------------------------+-------+-------+-------++-------
 Fire: Hunting sling     |     1 |    28 |     7 ||    36
 Cast: Magic Dart        |    86 |   105 |    36 ||   227
       Repel Missiles    |     1 |       |       ||     1
       Call Imp          |     4 |    23 |     3 ||    30
       Conjure Flame     |     2 |     4 |     1 ||     7
       Mephitic Cloud    |     1 |     5 |     7 ||    13
       Stone Arrow       |       |    12 |    30 ||    42
       Blink             |       |       |     1 ||     1
  Use: Scroll            |     3 |       |     1 ||     4
       Potion            |     2 |       |     2 ||     4
  Eat: Chunk             |     3 |     8 |     5 ||    16
       Fruit             |       |       |     2 ||     2
Armor: Robe              |       |     6 |       ||     6
Dodge: Dodged            |    11 |    37 |     3 ||    51
       Deflected         |       |     1 |       ||     1
